 Dungeon Crawl Stone Soup version 0.32-a0-43-g058985b245 (webtiles) character file.

Game seed: 18313611648499322857

702 Ceno the Cudgeller (level 7, -5/60 HPs)
             Began as an Armataur Warper on Feb 3, 2024.
             Was a Follower of the Shining One.
             Killed from afar by Ijyb (9 damage)
             ... with a bolt of light
             ... on level 4 of the Dungeon.
             The game lasted 00:13:28 (3514 turns).

Ceno the Cudgeller (Armataur Warper)                Turns: 3514, Time: 00:13:29

Health: -5/60      AC:  7    Str: 18    XL:     7   Next: 39%
Magic:  9/9        EV:  8    Int: 13    God:    the Shining One [*.....]
Gold:   289        SH:  0    Dex: 10    Spells: 7/9 levels left

rFire   . . .        C - +0 flail
rCold   . . .        n - orb {light}
rNeg    . . .        t - +1 ring mail {Will+}
rPois   .            (no helmet)
rElec   .            y - +0 cloak
rCorr   .            (no gloves)
SInv    .            (no barding)
Will    +....        (no amulet) Stlth
                     s - ring of wizardry
HPRegen 0.95/turn    (no ring)
MPRegen 0.44/turn

%: roll, wizardry (x1)
@: confused, glowing
A: large, deformed body, tough skin 3, armoured tail, roll 2
a: Renounce Religion, Divine Shield


You were on level 4 of the Dungeon.
You worshipped the Shining One.
The Shining One was aware of your devotion.
You visited 1 branch of the dungeon, and saw 4 of its levels.

You collected 289 gold pieces.

Inventory:

Hand Weapons
 e - a +0 whip
 C - a +0 flail (weapon)
Missiles
 d - 7 darts of dispersal
 i - 13 stones
Armour
 n - an orb of light (worn)
 t - a +1 ring mail of willpower (worn)
 x - a +0 chain mail
 y - a +0 cloak (worn)
Jewellery
 s - a ring of wizardry (left hand)
Wands
 a - a wand of flame (10) (quivered)
 v - a wand of polymorph (14)
Scrolls
 c - a scroll of blinking
 h - a scroll of poison {unknown}
 k - a scroll of vulnerability
 l - a scroll of immolation {unknown}
 m - 2 scrolls of torment {unknown}
 p - a scroll of teleportation {unknown}
 q - a scroll of revelation {unknown}
 u - a scroll of fear
 w - 2 scrolls of identify {unknown}
 E - a scroll of enchant weapon {unknown}
Potions
 f - 4 potions of haste {unknown}
 g - 2 potions of degeneration {unknown}
 j - a potion of curing {unknown}
 o - a potion of ambrosia {unknown}
 r - a potion of berserk rage {unknown}
 z - 2 potions of enlightenment {unknown}
 A - a potion of attraction {unknown}
 B - a potion of lignification {unknown}
 D - 2 potions of brilliance {unknown}


   Skills:
 + Level 4.6 Fighting
 * Level 6.3 Maces & Flails
 - Level 0.8 Throwing
 - Level 1.2 Armour
 - Level 1.3 Dodging
 - Level 1.7 Spellcasting
 - Level 3.0 Translocations


You had 7 spell levels left.
You knew the following spells:

 Your Spells              Type           Power      Damage    Failure   Level
a - Blink                 Tloc           16%        N/A       9%          2

Your spell library contained the following spells:

 Spells                   Type           Power      Damage    Failure   Level
 Lesser Beckoning         Tloc           16%        N/A       9%          2
 Teleport Other           Tloc           8%         N/A       16%         3
 Inner Flame              Hex/Fire       1%         N/A       45%         3
 Manifold Assault         Tloc           8%         N/A       45%         4
 Vhi's Electric Charge    Tloc/Air       10%        N/A       65%         4
 Flame Wave               Conj/Fire      1%         2d4       86%         4
 Sticky Flame             Fire/Alch      1%         2d4       86%         4


Dungeon Overview and Level Annotations

Branches:
Dungeon (4/15)
 Temple: D:4-7

Altars:
Gozag
Hepliaklqana
Qazlal
Yredelemnul
The Shining One

Annotations:
D:4 3 runed translucent doors, Grinder; Ijyb; justen's ghost, amateur OpSh


Innate Abilities, Weirdness & Mutations

Armour fits poorly on your strangely shaped body.
You have extremely tough skin. (AC +3)
You have a long armoured tail.
You regenerate magic and health when rolling toward enemies. (Rampage Regen)


Message History

Ijyb the Twisted Goblin comes into view.
She is wielding a +5 dagger of venom and carrying a wand of light.
Throw: 3 darts (poison)
Press: ? - help, Q - select action, (/) - cycle Shift-Dir - straight line, f - Ijyb
Aim: Ijyb, wielding a +5 dagger of venom, wearing a +0 scale mail and carrying a wand of light (wandering, hasn't noticed you, 50% to hit)
You throw a poisoned dart. The poisoned dart hits Ijyb.
Ijyb shouts!
Throw: 2 darts (poison)
Press: ? - help, Q - select action, (/) - cycle Shift-Dir - straight line, f/p - Ijyb
Aim: Ijyb, wielding a +5 dagger of venom, wearing a +0 scale mail and carrying a wand of light (50% to hit)
You throw a poisoned dart. The poisoned dart hits Ijyb.
Ijyb is poisoned.
Throw: dart (poison)
Press: ? - help, Q - select action, (/) - cycle Shift-Dir - straight line, f/p - Ijyb
Aim: Ijyb, wielding a +5 dagger of venom, wearing a +0 scale mail and carrying a wand of light (poisoned, 50% to hit)
You throw a poisoned dart. The poisoned dart hits Ijyb.
Ijyb looks even sicker.
Aiming: Throw Flame
Press: ? - help, Q - select action, (/) - cycle Shift-Dir - straight line, f/p - Ijyb
Aim: Ijyb, wielding a +5 dagger of venom, wearing a +0 scale mail and carrying a wand of light (lightly wounded, very poisoned, 64% to hit)
The puff of flame hits Ijyb but does no damage.
Ijyb is lightly wounded.
Aiming: Throw Flame
Press: ? - help, Q - select action, (/) - cycle Shift-Dir - straight line, f/p - Ijyb
Aim: Ijyb, wielding a +5 dagger of venom, wearing a +0 scale mail and carrying a wand of light (lightly wounded, very poisoned, haloed, 77% to hit)
The puff of flame hits Ijyb.
Ijyb is moderately wounded.
Ijyb screams, "You nasty!
Big nasty!"
Ijyb zaps a wand.
The bolt of light misses you.
You roll towards Ijyb!
Ijyb zaps a wand.
The bolt of light hits you!
You are too injured to fight recklessly!
You hit Ijyb.
Ijyb is severely wounded.
Ijyb zaps a wand.
The bolt of light hits you!!
You are confused.
* * * LOW HITPOINT WARNING * * *
Ijyb attacks as she pursues you!
Ijyb hits you with a +5 dagger of venom.
* * * LOW HITPOINT WARNING * * *
You hit Ijyb.
Ijyb is almost dead.
Ijyb zaps a wand.
The bolt of light hits you!
You die...

#..###.# ##.........# #..###(#
###...##### ...##..# #...# ###
#####.## #...# #.. #(# #...# #.#
#.# #...# #.# #####.## #...#
#####.###
...#.#.########.<.#####.......#
##..###..((....)@....((..#.#..#
...## ##........g...(..(.........
##..###................(.##.#.#..
##.#.#.#######....#.###.......###
......## #..(.#.# #####.###
##.##.# #..(.#.# #.# ##.##.#
#..(.#)# #.# ...##.# #....#.# .#
#####.## #......###### .#


You could see Ijyb (poisoned).

Vanquished Creatures
  Sigmund (D:2)
  An orc warrior (D:4)
  A black bear (D:3)
  A phantom (D:4)
  A hound (D:3)
  A sleepcap (D:4)
  2 iguanas
  Natasha (thrice) (D:2)
  Robin (D:2)
  An adder (D:4)
  A dart slug (D:4)
  8 orcs
  4 bats
  3 endoplasms
  A giant cockroach (D:4)
  13 goblins
  6 hobgoblins
  3 jackals (D:4)
  A quokka (D:2)
  4 ball pythons
  A frilled lizard (D:1)
  5 kobolds
  5 rats
68 creatures vanquished.

Notes
Turn   | Place    | Note
-------+----------+-------------------------------------------
     0 | D:1      | Ceno the Armataur Warper began the quest for the Orb.
     0 | D:1      | Reached XP level 1. HP: 17/17 MP: 3/3
   130 | D:1      | Reached skill level 2 in Maces & Flails
   277 | D:1      | Reached XP level 2. HP: 22/24 MP: 4/4
   822 | D:2      | Found a glowing golden altar of the Shining One.
   830 | D:2      | Became a worshipper of the Shining One
   990 | D:2      | Noticed Robin
  1010 | D:2      | Killed Robin
  1011 | D:2      | Reached XP level 3. HP: 4/30 MP: 5/5
  1037 | D:2      | Learned a level 2 spell: Blink
  1307 | D:2      | Noticed Sigmund
  1359 | D:2      | Killed Sigmund
  1360 | D:2      | Reached skill level 4 in Maces & Flails
  1360 | D:2      | Reached XP level 4. HP: 18/38 MP: 6/6
  1360 | D:2      | Reached XP level 5. HP: 21/45 MP: 7/7
  1455 | D:2      | Noticed Natasha
  1463 | D:2      | Killed Natasha
  1513 | D:2      | Noticed Natasha
  1526 | D:2      | HP: 1/45 [Natasha/magic dart (6)]
  1528 | D:2      | Killed Natasha
  1699 | D:2      | Noticed Natasha
  1709 | D:2      | Killed Natasha
  1710 | D:2      | Reached XP level 6. HP: 50/51 MP: 8/8
  2027 | D:3      | Found a hazy altar of Hepliaklqana.
  2636 | D:4      | Reached skill level 5 in Maces & Flails
  2822 | D:4      | Found a basalt altar of Yredelemnul.
  2881 | D:4      | Found a stormy altar of Qazlal.
  2887 | D:4      | Reached * piety under the Shining One
  2928 | D:4      | Noticed Grinder
  2948 | D:3      | Gained mutation: You regenerate magic and health when
                  | rolling toward enemies. (Rampage Regen) [Armataur growth]
  2948 | D:3      | Reached XP level 7. HP: 40/59 MP: 9/9
  3099 | D:4      | Reached skill level 6 in Maces & Flails
  3161 | D:4      | Found a runed translucent gate.
  3161 | D:4      | Found a runed translucent gate.
  3161 | D:4      | Found an opulent altar of Gozag.
  3162 | D:4      | Found a runed translucent gate.
  3164 | D:4      | Noticed justen's ghost (amateur OpSh)
  3505 | D:4      | Noticed Ijyb
  3513 | D:4      | HP: 3/60 [Ijyb/+5 dagger of venom (5)]
  3514 | D:4      | Killed from afar by Ijyb

Illustrated notes

Levels and vault maps discovered:
D:1:      nagdon_arrival_double_spiral, layout_basic
D:2:      layout_loops_ring, basic_altar, uniq_sigmund, uniq_natasha, uniq_robin
D:3:      layout_loops_ring, mainiacjoe_overflow_six_doors_small
D:4:      layout_loops_cross, general_overflow_altar, overflow_temple_1_default,
          ebering_ghost_gozag, uniq_grinder, uniq_ijyb

Skill      XL: |  1  2  3  4  5  6  7 |
---------------+----------------------+-----
Maces & Flails | 2 4 5 6 |  6.3
Fighting       | 2 3 4 |  4.6
Throwing       | |  0.8
Armour         | |  1.2
Dodging        | |  1.3
Spellcasting   | |  1.7
Translocations | |  3.0

Action                     |  1- 3 |  4- 6 |  7- 9 || total
---------------------------+-------+-------+-------++-------
  Melee: Mace              |    64 |    52 |       ||   116
         Tailslap          |    12 |    17 |     7 ||    36
         Flail             |       |    31 |    43 ||    74
  Throw: Dart              |       |       |    21 ||    21
   Cast: Blink             |       |       |     3 ||     3
  Evoke: Wand              |       |       |     5 ||     5
    Use: Scroll            |       |     2 |       ||     2
 Armour: Leather armour    |    27 |       |       ||    27
         Ring mail         |    13 |    71 |    38 ||   122
  Dodge: Dodged            |    27 |    25 |    18 ||    70

Table legend: (Time is in decaauts)
 A = Elapsed time spent in this place.
 B = Non-inter-level travel time spent in this place.
 C = Inter-level travel time spent in this place.
 D = Time resting spent in this place.
 E = Time spent auto-exploring this place.
 F = Levels seen in this place.
 G = Mean time per level.
                   A        B        C        D        E       F      G
               +--------+--------+--------+--------+--------+-----+--------+
         Total |   3549 |   3428 |    121 |    364 |   1591 |   4 |  887.2 |
       Dungeon |   3549 |   3428 |    121 |    364 |   1591 |   4 |  887.2 |
               +--------+--------+--------+--------+--------+-----+--------+

Top non-repeatable levels by time:
     D:2: 1195 daAuts
     D:1: 805 daAuts
     D:3: 784 daAuts
     D:4: 764 daAuts
